 Dungeon Crawl Stone Soup version 0.22-a0-379-ga9d99d6 (webtiles) character file.

34 JeffiDaFish the Grave Robber (level 3, -9/26 HPs)
             Began as a Draconian Necromancer on Apr 28, 2018.
             Was an Initiate of Sif Muna.
             Mangled by Crazy Yiuf
             ... wielding a +3 quarterstaff of chaos
              (10 damage)
             ... on level 2 of the Dungeon.
             The game lasted 00:02:27 (1573 turns).

JeffiDaFish the Grave Robber (DrNe)                 Turns: 1573, Time: 00:02:27

Health: -9/26      AC:  5    Str: 10    XL:     3   Next: 14%
Magic:  0/15       EV: 12    Int: 16    God:    Sif Muna [......]
Gold:   66         SH:  0    Dex: 11    Spells: 3/7 levels left

rFire    . . .     SeeInvis .   c - +0 dagger
rCold    . . .     Gourm    .   (no shield)
rNeg     + . .     Faith    .   (armour unavailable)
rPois    .         Spirit   .   (helmet restricted)
rElec    .         Reflect  .   (no cloak)
rCorr    .         Harm     .   (no gloves)
MR       .....                  (no boots)
Stlth    ++........             (no amulet)
HPRegen  0.08/turn              d - ring of positive energy
MPRegen  0.14/turn              f - ring of magical power

@: very slightly contaminated
A: unfitting armour, cold-blooded, AC +5
a: Renounce Religion


You were on level 2 of the Dungeon.
You worshipped Sif Muna.
Sif Muna was noncommittal.
You were hungry.

You visited 1 branch of the dungeon, and saw 2 of its levels.

You collected 66 gold pieces.

Inventory:

Hand Weapons
 a - a +4 dagger
 c - a +0 dagger (weapon)
 e - a cursed -3 short sword
Jewellery
 d - a ring of positive energy (left hand)
 f - a ring of magical power (right hand)
Comestibles
 b - a ration


   Skills:
 - Level 2.0 Dodging
 - Level 1.7 Stealth
 + Level 2.6 Spellcasting
 + Level 4.5 Necromancy


You had 3 spell levels left.
You knew the following spells:

 Your Spells              Type           Power        Failure   Level  Hunger
a - Pain                  Necr           ###.         3%          1    #......
b - Vampiric Draining     Necr           ###.......   10%         3    ###....


Dungeon Overview and Level Annotations

Branches:
Dungeon (2/15)

Altars:
Sif Muna

Annotations:
D:2 Crazy Yiuf, Sigmund


Innate Abilities, Weirdness & Mutations

Your plain brown scales are hard. (AC +5)
You cannot fit into any form of body armour.
You are cold-blooded and may be slowed by cold attacks.


Message History

Press: ? - help, Shift-Dir - straight line, f/p - Crazy Yiuf
Aim: Crazy Yiuf, wielding a quarterstaff of chaos and wearing a cloak (severely wounded, chance to defeat MR: 81%)
You miscast Pain.
Your bones ache.
You closely miss Crazy Yiuf.
Crazy Yiuf is severely wounded.
Crazy Yiuf barely misses you.
Casting: Pain (safe; 3% risk of failure)
Confirm with . or Enter, or press ? or * to list all spells.
Aiming: Pain (safe; 3% risk of failure)
Press: ? - help, Shift-Dir - straight line, f/p - Crazy Yiuf
Aim: Crazy Yiuf, wielding a quarterstaff of chaos and wearing a cloak (severely wounded, chance to defeat MR: 81%) Crazy Yiuf barely resists.
Crazy Yiuf completely misses you.
Casting: Pain (safe; 3% risk of failure)
Confirm with . or Enter, or press ? or * to list all spells.
Aiming: Pain (safe; 3% risk of failure)
Press: ? - help, Shift-Dir - straight line, f/p - Crazy Yiuf
Aim: Crazy Yiuf, wielding a quarterstaff of chaos and wearing a cloak (severely wounded, chance to defeat MR: 81%) Crazy Yiuf writhes in agony!
Crazy Yiuf hits you with a quarterstaff of chaos!
You die...

#..###.# #...#
#.# ##...##.#
###.# #.#
#.......# #.# #.#
#....#### ### #.#
#....# #.# #....#
#.# #....# ###
♣♣###.# #....#
#)..#♣♣ ♣♣.....#
#....#
#...g@♣♣♣♣......#
######
#...#♣..♣......##
### ♣♣♣.♣....##
♣♣♣♣♣###


You could see Crazy Yiuf.

Vanquished Creatures
  2 dart slugs (D:1)
  4 bats
  2 giant cockroaches (D:1)
  A goblin (D:2)
  6 hobgoblins
  4 jackals (D:2)
  A quokka (D:2)
  A frilled lizard (D:2)
  3 kobolds (D:1)
  A rat (D:2)
25 creatures vanquished.

Notes
Turn   | Place    | Note
-------+----------+-------------------------------------------
     0 | D:1      | JeffiDaFish the Draconian Necromancer began the quest for the Orb.
     0 | D:1      | Reached XP level 1. HP: 14/14 MP: 3/3
   209 | D:1      | Reached XP level 2. HP: 16/20 MP: 0/5
  1090 | D:2      | Noticed Sigmund
  1224 | D:2      | Reached XP level 3. HP: 19/26 MP: 6/6
  1446 | D:2      | Learned a level 3 spell: Vampiric Draining
  1483 | D:2      | Found a deep blue altar of Sif Muna.
  1487 | D:2      | Became a worshipper of Sif Muna the Loreminder
  1559 | D:2      | Found a runed door.
  1563 | D:2      | Noticed Crazy Yiuf
  1569 | D:2      | HP: 1/26 [Crazy Yiuf/quarterstaff of chaos (12)]
  1573 | D:2      | Mangled by Crazy Yiuf

Vault maps used:
D:1:      saegor_arrival_under_anarchy
D:2:      kennysheep_the_goblin_king, overflow_temple_1_default, uniq_sigmund,
          uniq_crazy_yiuf_cottage, uniq_jessica

Skill      XL: |  1 |
---------------+----+-----
Dodging        | 2 |  2.0
Stealth        | |  1.7
Spellcasting   | |  2.6
Necromancy     | |  4.5

Action                   || total
-------------------------++-------
Melee: Tailslap          ||     4
       Unarmed           ||     1
       Dagger            ||    47
 Cast: Pain              ||    44
       Vampiric Draining ||     1
  Use: Scroll            ||     3
  Eat: Chunk             ||     2
Armor: Skin              ||    19
Dodge: Dodged            ||    53

Table legend:
 A = Spawn XP
 B = Non-spawn XP
 C = Spawn XP percentage of total XP
 D = Spawn monster count
 E = Non-spawn monster count
 F = Spawn count percentage of total count
 G = Total turns spent on level
                    A         B        C        D         E        F      G
               +---------+---------+-------+---------+---------+-------+---------
         Total |       0 |      49 |   0.0 |       0 |      25 |   0.0 |  1573
               +---------+---------+-------+---------+---------+-------+---------
           D:1 |       0 |      30 |   0.0 |       0 |      14 |   0.0 |  1039
           D:2 |       0 |      19 |   0.0 |       0 |      11 |   0.0 |   534
               +---------+---------+-------+---------+---------+-------+---------
